 Dungeon Crawl Stone Soup version 0.30.0-5-g1a98f26d00 (webtiles) character file.

Game seed: 14117543855014136508

27172 zlionsfan the Thaumaturge (level 13, 0/101 HPs)
             Began as a Formicid Ice Elementalist on May 9, 2023.
             Was a High Priest of Sif Muna.
             Slain by Snorg (12 damage)
             ... on level 10 of the Dungeon on May 10, 2023.
             The game lasted 01:34:02 (18335 turns).

zlionsfan the Thaumaturge (FoIE)                   Turns: 18335, Time: 01:34:03

Health: 0/101      AC: 17    Str: 20    XL:     13   Next: 63%
Magic:  29/29      EV: 13    Int: 19    God:    Sif Muna [*****.]
Gold:   955        SH:  0    Dex: 14    Spells: 16/36 levels left

rFire   + + .        y - +5 falchion
rCold   . . .        (no shield)
rNeg    . . .        E - +2 leather armour {rF+}
rPois   .            (helmet unavailable)
rElec   .            w - +0 cloak
rCorr   .            (no gloves)
SInv    +            x - +2 pair of boots
Will    +....        I - amulet of magic regeneration
Stlth   ++           q - ring of protection from fire
HPRegen 0.36/turn    h - +6 ring of strength
MPRegen 0.61/turn

%: no passive effects
@: ice-armoured, freezing walls
A: permanent stasis, dig shafts and tunnels, antennae 3, four strong arms
a: Dig, Shaft Self, Renounce Religion, Channel Magic, Forget Spell, Divine
Exegesis


You were on level 10 of the Dungeon.
You worshipped Sif Muna.
Sif Muna was extremely pleased with you.
You visited 3 branches of the dungeon, and saw 17 of its levels.
You also visited: Gauntlet.

You collected 955 gold pieces.

Inventory:

Hand Weapons
 a - a +0 short sword of electrocution
 b - a +5 sling of freezing
 p - the +5 long sword "Pudghar" {spect, rC+}
   (You found it on level 4 of the Lair of Beasts)

   rC:        It protects you from cold.
 t - the +7 short sword "Ras Pouf" {freeze, rElec rN+++ Int-5 Dex+3}
   (You found it on level 11 of the Dungeon)

   Int:       It affects your intelligence (-5).
   Dex:       It affects your dexterity (+3).
   rElec:     It insulates you from electricity.
   rN:        It renders you almost immune to negative energy.
 y - a +5 falchion (weapon)
 G - a +0 glaive of flaming
Missiles
 c - 10 boomerangs (quivered)
Armour
 w - a +0 cloak (worn)
 x - a +2 pair of boots (worn)
 E - a +2 leather armour of fire resistance (worn)
Jewellery
 h - a +6 ring of strength (right hand)
 q - a ring of protection from fire (left hand)
 I - an amulet of magic regeneration (around neck)
Wands
 J - a wand of roots (5)
 K - a wand of mindburst (5)
Scrolls
 d - 2 scrolls of immolation
 e - 4 scrolls of enchant armour {unknown}
 g - 2 scrolls of fog
 i - 2 scrolls of teleportation {unknown}
 n - 3 scrolls of amnesia
 r - 2 scrolls of summoning
 u - a scroll of poison
 z - 3 scrolls of silence
 C - a scroll of fear
 D - 2 scrolls of vulnerability
 H - a scroll of magic mapping
Potions
 f - 2 potions of magic
 j - a potion of brilliance {unknown}
 k - 2 potions of ambrosia {unknown}
 l - 2 potions of flight {unknown}
 m - a potion of resistance {unknown}
 o - 4 potions of curing
 s - 2 potions of lignification {unknown}
 v - a potion of haste
 A - a potion of berserk rage {unknown}
 B - 2 potions of invisibility {unknown}
 F - a potion of might {unknown}


   Skills:
 * Level 9.5 Fighting
 + Level 4.2(4.5) Short Blades
 + Level 2.2(3.5) Long Blades
 + Level 0.7 Polearms
 + Level 7.2 Ranged Weapons
 + Level 3.4 Armour
 + Level 4.1 Dodging
 + Level 4.4 Stealth
 * Level 12.2 Spellcasting
 * Level 4.9 Conjurations
 * Level 12.2 Ice Magic


You had 16 spell levels left.
You knew the following spells:

 Your Spells              Type           Power      Damage    Failure   Level
a - Freeze                Ice            100%       1d10      1%          1
b - Frozen Ramparts       Ice            100%       1d16      1%          3
c - Ozocubu's Armour      Ice            55%        N/A       1%          3
d - Momentum Strike       Conj/Tloc      42%        3d9       3%          2
e - Summon Ice Beast      Ice/Summ       35%        N/A       5%          4
f - Hailstorm             Conj/Ice       44%        3d10      1%          3
g - Sticky Flame          Conj/Fire      20%        2d4       24%         4

Your spell library contained the following spells:

 Spells                   Type           Power      Damage    Failure   Level
 Static Discharge         Conj/Air       40%        2-4/arc   3%          2
 Ice Form                 Ice/Tmut       34%        N/A       5%          4
 Lesser Beckoning         Tloc           22%        N/A       10%         2
 Cigotuvi's Dreadful Rot  Necr/Pois/Air  22%        N/A       11%         2
 Sublimation of Blood     Necr           11%        N/A       11%         2
 Wereblood                Tmut           11%        N/A       11%         2
 Gell's Gravitas          Tloc           11%        N/A       21%         3
 Teleport Other           Tloc           11%        N/A       21%         3
 Animate Armour           Summ/Erth      22%        N/A       54%         4
 Summon Lightning Spire   Summ/Air       11%        N/A       54%         4
 Airstrike                Air            5%         2d(1-17)  56%         4
 Dispel Undead            Necr           11%        3d9       56%         4
 Simulacrum               Ice/Necr       17%        N/A       63%         6
 Alistair's Intoxication  Tmut/Pois      7%         N/A       88%         5
 Borgnjor's Vile Clutch   Necr/Erth      5%         N/A       88%         5
 Death Channel            Necr           5%         N/A       100%        6
 Eringya's Noxious Bog    Tmut/Pois      5%         N/A       100%        6
 Malign Gateway           Summ/Tloc      5%         N/A       100%        7
 Summon Hydra             Summ           5%         N/A       100%        7
 Blink                    Tloc           Unusable   N/A       N/A         2

Dungeon Overview and Level Annotations

Branches:
Dungeon (11/15)            Temple (1/1) D:7            Lair (5/5) D:9
  Swamp (0/4) Lair:3        Slime (0/5) Lair:4          Orc (0/2) D:10
Gauntlet (visited)
  Snake: Lair:2-3    Spider: Lair:2-3

Altars:
Ashenzari
Cheibriados
Dithmenos
Elyvilon
Fedhas
Gozag
Hepliaklqana
Kikubaaqudgha
Makhleb
Nemelex Xobeh
Okawaru
Qazlal
Ru
Sif Muna
Trog
Uskayaw
Vehumet
Wu Jian
Xom
Yredelemnul
Zin
The Shining One
Jiyva

Annotations:
D:10 Snorg
Lair:2 Amaemon, Harold
Lair:4 Josephine


Innate Abilities, Weirdness & Mutations

You cannot be hasted, slowed, berserked, paralysed or teleported.
You can dig through walls and to a lower floor.
You have a pair of large antennae on your head. (SInv)
Your four strong arms can wield two-handed weapons with a shield.


Message History

Confirm with . or Enter, or press ? or * to list all spells.
Casting: Frozen Ramparts (safe; 1% risk of failure)
Press: ? - help, Dir - look around, f - activate The walls around you are covered in ice.
The wall freezes Snorg.
A flash of anger passes briefly over Snorg's face.
Casting: Frozen Ramparts (safe; 1% risk of failure)
Confirm with . or Enter, or press ? or * to list all spells.
A film of ice covers your body!
The wall freezes Snorg!
Snorg misses you. Snorg barely misses you. Snorg claws you but does no damage.
Your +0 short sword of electrocution stops crackling.
y - a +5 falchion (weapon)
You hit Snorg.
Snorg is lightly wounded.
The wall freezes Snorg.
Snorg goes berserk!
You hit Snorg. You punch Snorg.
Snorg is moderately wounded.
The wall freezes Snorg!
Snorg bites you! Snorg claws you but does no damage. Snorg claws you.
The wall freezes Snorg.
Snorg closely misses you. Snorg claws you but does no damage. Snorg claws you!
You barely miss Snorg.
Snorg is moderately wounded.
The wall freezes Snorg.
Snorg bites you but does no damage.
Snorg claws you but does no damage. x2; The wall freezes Snorg!
Snorg completely misses you. Snorg claws you. Snorg misses you.
You hit Snorg.
Snorg is moderately wounded.
The wall freezes Snorg!
Snorg bites you but does no damage. Snorg closely misses you.
Snorg barely misses you.
You hit Snorg.
Snorg is heavily wounded.
The wall freezes Snorg!
Snorg bites you!! Snorg claws you but does no damage. Snorg claws you!
The wall freezes Snorg!
Snorg bites you!!
* * * LOW HITPOINT WARNING * * *
Snorg barely misses you. Snorg claws you!
* * * LOW HITPOINT WARNING * * *
You feel better.
The wall freezes Snorg!
Snorg bites you!
* * * LOW HITPOINT WARNING * * *
Snorg claws you but does no damage. Snorg claws you!
You die...

....# #.# ..####....####..
###.# #.# ..####....####..
#.# #.###..####....####..
#..
###.###...#................
#.#
........###........?.......
#.# ###.#####
########''######## #.# #.#
#....()).......#.# #.# #.#
######)#######.#.# #.# #.#
#@# #.....###.# #.#
#T#####.###>.##.# ###.#
#))..T).# #.....# #...#
##)####.###..#### #.#.#
#.)# ##......# #...# #####
##)####...#.#.# #...###...#
#.[...#.##.##.# .###....8.#
#)8.#...#####.# .#
#..#...## ##...#...# #.#


You could see Snorg (berserk).

Vanquished Creatures
  A hydra (Lair:3)
  2 two-headed ogres
  A bog body (Lair:3)
  A cyclops (D:11)
  4 elephants (Lair:4)
  6 black mambas
  6 cane toads
  A rime drake (Lair:1)
  2 kobold demonologists
  Maggie (Lair:1)
  10 komodo dragons
  A troll (D:11)
  A polar bear (Lair:3)
  9 blink frogs
  A hornet (D:7)
  5 dream sheep (Lair:4)
  6 wraiths
  11 yaks
  4 wyverns
  Grum (D:11)
  7 basilisks
  A steam dragon (D:8)
  A warg (D:6)
  10 water moccasins
  An acid dragon (D:10)
  4 orc warriors
  A black bear (D:7)
  A swamp drake (D:9)
  7 ogres
  A boggart (Lair:3)
  3 wolves (D:11)
  2 centaurs
  2 phantoms
  7 bullfrogs
  5 gnoll sergeants
  5 kobold brigands
  A scorpion (D:5)
  19 wights
  9 killer bees
  14 howler monkeys
  6 jellies
  10 orc priests
  4 hounds
  4 gnoll boudas
  4 iguanas
  Terence (D:2)
  12 orc wizards
  2 sleepcaps
  36 gnolls
  8 adders
  A shadow imp (D:6)
  3 white imps
  A worm (D:4)
  2 dart slugs
  73 orcs
  13 ball pythons
  5 endoplasms
  6 giant cockroaches
  6 goblins
  7 hobgoblins
  6 jackals
  23 kobolds
  A quokka (D:4)
  2 bats
  6 frilled lizards
  3 rats
420 creatures vanquished.

Vanquished Creatures (collateral kills)
  2 polar bears (Lair:3)
2 creatures vanquished.

Vanquished Creatures (others)
  A wyvern (D:9)
  A yak (D:9)
2 creatures vanquished.

Grand Total: 424 creatures vanquished

Notes
Turn   | Place    | Note
-------+----------+-------------------------------------------
     0 | D:1      | zlionsfan the Formicid Ice Elementalist began the quest for
                  | the Orb.
     0 | D:1      | Reached XP level 1. HP: 13/13 MP: 3/3
   362 | D:1      | Reached XP level 2. HP: 19/19 MP: 5/5
   606 | D:1      | Reached XP level 3. HP: 18/24 MP: 3/6
   816 | D:2      | Noticed Terence
   835 | D:2      | Killed Terence
   836 | D:2      | Reached skill level 1 in Fighting
   836 | D:2      | Reached XP level 4. HP: 17/32 MP: 4/8
   985 | D:2      | Reached skill level 1 in Ranged Weapons
  1155 | D:2      | Reached XP level 5. HP: 37/37 MP: 9/9
  1160 | D:2      | Learned a level 3 spell: Frozen Ramparts
  1164 | D:2      | Learned a level 3 spell: Ozocubu's Armour
  1299 | D:2      | Reached skill level 5 in Ice Magic
  2010 | D:3      | Found a faded altar of an unknown god.
  2346 | D:3      | Found a shimmering blue altar of Sif Muna.
  2352 | D:3      | Became a worshipper of Sif Muna the Loreminder
  2586 | D:4      | Reached XP level 6. HP: 44/44 MP: 7/11
  3443 | D:5      | Entered Level 5 of the Dungeon
  3518 | D:5      | Reached XP level 7. HP: 51/51 MP: 9/12
  3616 | D:5      | Reached * piety under Sif Muna
  4641 | D:6      | Reached XP level 8. HP: 38/57 MP: 10/15
  4720 | D:6      | Reached skill level 5 in Spellcasting
  5224 | D:6      | Reached ** piety under Sif Muna
  5354 | D:6      | Reached XP level 9. HP: 66/66 MP: 8/18
  5612 | D:6      | Learned a level 2 spell: Wereblood
  5737 | D:6      | Reached skill level 1 in Short Blades
  5801 | D:6      | Noticed a kobold demonologist
  6079 | D:6      | Reached skill level 5 in Fighting
  6637 | D:7      | Found a staircase to the Ecumenical Temple.
  6648 | Temple   | Entered the Ecumenical Temple
  6771 | D:7      | Reached XP level 10. HP: 64/74 MP: 17/21
  6775 | D:7      | Learned a level 2 spell: Momentum Strike
  6780 | D:7      | Learned a level 4 spell: Summon Ice Beast
  6816 | D:7      | Found a shimmering altar of Xom.
  6876 | D:7      | Found a sparkling altar of Nemelex Xobeh.
  6998 | D:7      | Found a hazy altar of Hepliaklqana.
  7221 | D:7      | Reached *** piety under Sif Muna
  7222 | D:7      | Reached skill level 5 in Ranged Weapons
  7857 | D:8      | Noticed a two-headed ogre
  8053 | D:8      | Noticed a tengu warrior
  8246 | D:8      | Noticed a tengu warrior
  8291 | D:8      | You fall into a shaft and drop 1 floor!
  8770 | D:9      | Reached skill level 1 in Armour
  9332 | D:9      | Reached **** piety under Sif Muna
  9531 | D:9      | Found a blossoming altar of Fedhas.
  9754 | D:9      | Noticed a komodo dragon
  9762 | D:9      | Killed a komodo dragon
  9836 | D:9      | Reached XP level 11. HP: 74/83 MP: 17/24
 10044 | D:9      | Found a staircase to the Lair.
 10072 | Lair:1   | Entered Level 1 of the Lair of Beasts
 10516 | Lair:1   | Learned a level 3 spell: Hailstorm
 10529 | Lair:1   | Reached skill level 10 in Spellcasting
 10643 | Lair:1   | Reached skill level 10 in Ice Magic
 10947 | Lair:1   | Noticed Maggie
 10961 | Lair:1   | Killed Maggie
 10962 | Lair:1   | Reached skill level 1 in Conjurations
 11244 | Lair:2   | Noticed Amaemon
 11362 | Lair:2   | Reached XP level 12. HP: 92/92 MP: 22/26
 11466 | Lair:2   | Noticed Harold
 11943 | Lair:2   | Noticed a death yak
 12015 | Lair:3   | Noticed a six-headed hydra
 12024 | Lair:3   | Killed a two-headed hydra
 12205 | Lair:3   | Found a gate leading to a gauntlet.
 12235 | Gauntlet | Entered a Gauntlet
 12235 | Gauntlet | Noticed a tengu warrior
 12235 | Gauntlet | Found a transporter.
 12245 | Gauntlet | Found a transporter.
 12249 | Gauntlet | Found a runed translucent door.
 12258 | Gauntlet | Found a runed translucent door.
 12260 | Gauntlet | Found a transporter.
 12262 | Gauntlet | Found a transporter.
 12274 | Gauntlet | Found a transporter.
 12287 | Gauntlet | Found a transporter.
 12287 | Gauntlet | Noticed a catoblepas
 12296 | Gauntlet | Noticed a blizzard demon
 12297 | Gauntlet | Found a transporter.
 12306 | Gauntlet | Noticed an entropy weaver
 12307 | Gauntlet | Found a transporter.
 12321 | Gauntlet | Found a transporter.
 12330 | Gauntlet | Found a transporter.
 12332 | Gauntlet | Found a transporter.
 12346 | Gauntlet | Found a transporter.
 12944 | Lair:3   | Noticed a skyshark
 12988 | Lair:3   | Reached ***** piety under Sif Muna
 13424 | Lair:3   | Found a staircase to the Swamp.
 13569 | Lair:4   | Received a gift from Sif Muna
 13654 | Lair:4   | Reached skill level 1 in Long Blades
 13658 | Lair:4   | Reached XP level 13. HP: 28/100 MP: 28/28
 13865 | Lair:4   | Identified the +5 long sword "Pudghar" {spect, rC+}
 14511 | Lair:4   | Noticed Josephine
 14583 | Lair:4   | Found a viscous altar of Jiyva.
 14583 | Lair:4   | Found a staircase to the Slime Pits.
 14741 | Lair:5   | Entered Level 5 of the Lair of Beasts
 14992 | D:10     | Entered Level 10 of the Dungeon
 15111 | D:10     | Found a staircase to the Orcish Mines.
 15824 | D:10     | Noticed Snorg
 15853 | D:11     | Identified the +7 short sword "Ras Pouf" {freeze, rElec
                  | rN+++ Int-5 Dex+3}
 16089 | D:11     | Noticed Grum
 16118 | D:11     | Killed Grum
 16341 | D:11     | Received a gift from Sif Muna
 16344 | D:11     | Got Sif Muna's Almanac of the Assistive Volcano {god gift}
 16350 | D:11     | Learned a level 4 spell: Sticky Flame
 16705 | D:8      | Found a radiant altar of Vehumet.
 17067 | D:8      | Found a bloodstained altar of Trog.
 18335 | D:10     | Slain by Snorg

Illustrated notes

Levels and vault maps discovered:
D:1:      dpeg_arrival_tiny_c, layout_basic, minmay_hexomino_f4
D:2:      layout_rooms, uniq_terence
D:3:      layout_basic, nicolae_sif_muna_little_library,
          hellmonk_ecumenical_altar_defaced_shrine, minmay_vboxes
D:4:      layout_loops_corners
D:5:      layout_cave_pods, roderic_nine_men_s_morris, minmay_crystal_room
D:6:      lemuel_castle_with_subvaults [lemuel_castle_interior_carwin_1],
          layout_basic
D:7:      layout_basic, nicolae_hepliaklqana_hazy_memory,
          nemelex_xobeh_ov_fountains_minmay, mainiacjoe_overflow_cross_hatched,
          minmay_temple_entry_slanted
D:8:      layout_basic, nicolae_vehumet_radiance, lemuel_tele_altar
D:9:      layout_layer_cave, overflow_temple_1_default, erik_lair_dragon
D:10:     layout_loops_ring, hiddenorc2_lemuel, kennysheep_dice, uniq_snorg
D:11:     minmay_inner_zag, layout_loops_corners, uniq_grum, uniq_sonja
Temple:   eino_wide_crystal_templ
Lair:1:   layout_hall_layers, serial_bayou_pond_e, grunt_megastairs_3,
          serial_bayou_shore_a, uniq_maggie
Lair:2:   dreamdust_isle_of_ice, layout_concentric_octagons,
          nicolae_snake_entry_warm_welcome, uniq_harold, uniq_amaemon
Lair:3:   layout_cave_pods, skrybe_swamp_entry_bodies, gauntlet_entry_generic,
          kilobyte_rumbling_trees, infiniplex_staircase_pool_2
Lair:4:   layout_loops_ring, nicolae_slime_entry_field_trip, basic_altar,
          minivault_11, grunt_megastairs_5, uniq_josephine
Lair:5:   minmay_lair_end_frog_pond, layout_cave_shapes, nicolae_lair_lil_pond,
          st_stairs_12, hangedman_lair_unloving_vines,
          infiniplex_staircase_pool, uniq_urug

Skill      XL: |  1  2  3  4  5  6  7  8  9 10 11 12 13 |
---------------+----------------------------------------+-----
Fighting       | 1 2 3 4 5 6 7 8 9 |  9.5
Spellcasting   | 3 4 6 7 9 10 11 12 | 12.2
Dodging        | 2 3 4 |  4.1
Ranged Weapons | 1 2 3 4 5 6 7 |  7.2
Ice Magic      | 5 6 7 8 9 10 11 12 | 12.2
Stealth        | 3 4 |  4.4
Short Blades   | 1 2 3 4 |  4.2
Armour         | 1 2 3 |  3.4
Conjurations   | 1 3 4 |  4.9
Long Blades    | 1 2 |  2.2
Polearms       | |  0.7

Action                     |  1- 3 |  4- 6 |  7- 9 | 10-12 | 13-15 || total
---------------------------+-------+-------+-------+-------+-------++-------
  Melee: Unarmed           |     1 |       |       |       |       ||     1
         Short sword       |    14 |    42 |   125 |   318 |   215 ||   714
         Whip              |     2 |       |       |       |       ||     2
         Punch             |     1 |       |     2 |     7 |     3 ||    13
         Falchion          |       |       |       |    31 |    87 ||   118
         Glaive            |       |       |       |     4 |       ||     4
   Fire: Sling             |    38 |    87 |   111 |   146 |    94 ||   476
  Throw: Boomerang         |       |     2 |     1 |     1 |       ||     4
   Cast: Freeze            |    24 |    48 |    61 |    30 |    11 ||   174
         Frozen Ramparts   |       |     5 |    22 |    53 |    33 ||   113
         Ozocubu's Armour  |       |       |    15 |    15 |    18 ||    48
         Momentum Strike   |       |       |       |     3 |       ||     3
         Summon Ice Beast  |       |       |       |     3 |     3 ||     6
         Hailstorm         |       |       |       |     1 |       ||     1
Ability: Shaft Self        |       |       |       |     1 |       ||     1
    Use: Potion            |       |     2 |       |     1 |     1 ||     4
         Scroll            |       |       |     8 |    11 |     4 ||    23
   Stab: Sleeping          |     1 |     1 |     1 |     5 |     5 ||    13
         Distracted        |       |       |       |     1 |       ||     1
 Armour: Robe              |    14 |     9 |    33 |     9 |       ||    65
         Leather armour    |       |       |       |   139 |   107 ||   246
  Dodge: Dodged            |    44 |    34 |    79 |   209 |   148 ||   514
